 Dungeon Crawl Stone Soup version 0.30-a0-996-ga6910c8ee8 (webtiles) character file.

Game seed: 16025684367023365301

424 ytrimaz the Chopper (level 7, 0/52 HPs)
             Began as a Formicid Fighter on Apr 5, 2023.
             Slain by a kobold brigand
             ... wielding a +0 whip
              (6 damage)
             ... in a sewer.
             The game lasted 00:03:58 (3277 turns).

ytrimaz the Chopper (Formicid Fighter)              Turns: 3277, Time: 00:03:59

Health: 0/52       AC:  6    Str: 22    XL:     7   Next: 17%
Magic:  7/7        EV:  9    Int:  8    God:
Gold:   126        SH:  6    Dex: 13    Spells: 6/6 levels left

rFire   + . .      SeeInvis +    a - +1 war axe
rCold   + . .      Faith    .    c - +1 buckler
rNeg    + . .      Spirit   .    b - +0 scale mail
rPois   .          Reflect  .    (helmet unavailable)
rElec   .          Rampage  .    g - scarf {rC+ rF+}
rCorr   .                        (no gloves)
Will    .....                    (no boots) Stlth
                                 (no amulet)
HPRegen 0.28/turn                j - ring of positive energy
MPRegen 0.10/turn                (no ring)

@: no status effects
A: permanent stasis, dig shafts and tunnels, antennae 3, four strong arms
a: Dig


You were in a sewer.
You visited 1 branch of the dungeon, and saw 4 of its levels.
You also visited: Sewer.

You collected 126 gold pieces.


Innate Abilities, Weirdness & Mutations

You cannot be hasted, slowed, berserked, paralysed or teleported.
You can dig through walls and to a lower floor.
You have a pair of large antennae on your head. (SInv)
Your four strong arms can wield two-handed weapons with a shield.


   Skills:
 - Level 3.2 Fighting
 + Level 7.2 Axes
 - Level 3.2 Armour
 - Level 4.0 Shields


You had 6 spell levels left.
You didn't know any spells.
Your spell library contained the following spells:

 Spells                   Type           Power      Damage    Failure   Level
 Lesser Beckoning         Tloc           0%         N/A       91%         2
 Momentum Strike          Conj/Tloc      0%         3d8       91%         2
 Ozocubu's Armour         Ice            0%         N/A       99%         3
 Stone Arrow              Conj/Erth      0%         3d7       99%         3
 Animate Armour           Summ/Erth      0%         N/A       100%        4
 Ozocubu's Refrigeration  Ice            0%         4d7       100%        7
 Lehudib's Crystal Spear  Conj/Erth      0%         10d2      100%        8
 Blink                    Tloc           Unusable   N/A       N/A         2

Inventory:

Hand Weapons
 a - a +1 war axe (weapon)
Armour
 b - a +0 scale mail (worn)
 c - a +1 buckler (worn)
 g - a scarf of resistance (worn)
   (You found it on level 3 of the Dungeon)
Jewellery
 j - a ring of positive energy (left hand)
   (You found it on level 4 of the Dungeon)
Scrolls
 d - a scroll of enchant armour
 e - a scroll of fog
 k - a scroll of noise
 m - a scroll of poison {unknown}
Potions
 h - a potion of brilliance

Dungeon Overview and Level Annotations

Branches:
Dungeon (4/15) Zot: 20922   Sewer (1/1) Zot: 5693
 Temple: D:4-7

Altars:
Xom

.........~~~~..))[∩.#.∩.#
P........~~~~P.#....#...#
###########~~########'###
~~~~~~~~~~~~~~~~~~~~~≈#
≈~≈≈≈≈≈~≈≈≈≈≈~≈≈≈≈≈~≈≈#
~~~~~~~~~~~~~~~~~~~~≈#
#####~~~#################
..P~~P~~P~~....#?...#
.P~~..~~~~.....K@K∩.#
........~.P....)K.!.#
...............#))?.#
...............######
..............##
...##.........#
..####..####### ### ####


You could see 3 kobold brigands.


Message History

The kobold throws a stone.
The stone hits you.
* * * LOW HITPOINT WARNING * * *
The kobold brigand barely misses you.
You block the kobold brigand's attack. x2 😨 HP[-7]
You take 7 damage, and now have 19/52 hp.
Unknown command.
You closely miss the kobold brigand. x2; You hit the kobold.
You kill the kobold!
You closely miss the kobold brigand.
The kobold brigand completely misses you.
You block the kobold brigand's attack.
The kobold brigand hits you with a +0 dagger.
* * * LOW HITPOINT WARNING * * *
😨 HP[-5]
You take 5 damage, and now have 14/52 hp.
Unknown command.
You are confused.
You feel invigorated. The kobold brigand closely misses you.
The kobold brigand barely misses you.
The kobold brigand hits you with a +0 dagger.
* * * LOW HITPOINT WARNING * * *
😨 HP[+2]
You regained 2 hp, and now have 16/52 hp.
The kobold brigand barely misses you.
The kobold brigand hits you with a +0 whip.
* * * LOW HITPOINT WARNING * * *
The kobold brigand hits you with a +0 dagger.
* * * LOW HITPOINT WARNING * * *
😨 HP[-1]
You take 1 damage, and now have 15/52 hp.
Unknown command.
The kobold brigand hits you with a +0 club.
* * * LOW HITPOINT WARNING * * *
The kobold brigand barely misses you. x2 😨 HP[-1]
You take 1 damage, and now have 14/52 hp.
Unknown command.
The kobold brigand hits you but does no damage.
The kobold brigand hits you with a +0 whip.
* * * LOW HITPOINT WARNING * * *
The kobold brigand hits you with a +0 dagger.
* * * LOW HITPOINT WARNING * * *
😱 HP[-3]
You take 3 damage, and now have 11/52 hp.
Unknown command.
The kobold brigand hits you with a +0 club.
* * * LOW HITPOINT WARNING * * *
The kobold brigand hits you with a +0 whip!
* * * LOW HITPOINT WARNING * * *
The kobold brigand hits you with a +0 dagger.
* * * LOW HITPOINT WARNING * * *
😱 HP[-6]
You take 6 damage, and now have 5/52 hp.
Unknown command.
The kobold brigand barely misses you.
There is a large open door here.
Things that are here:
a +0 short sword; 2 stones; a kobold corpse 😱 HP[+5]
You regained 5 hp, and now have 10/52 hp.
Unknown command.
The kobold brigand attacks as you move away!
The kobold brigand hits you with a +0 dagger.
* * * LOW HITPOINT WARNING * * *
The kobold brigand hits you with a +0 whip.
* * * LOW HITPOINT WARNING * * *
The kobold brigand throws a poisoned dart.
The poisoned dart barely misses you.
You see here a +0 short sword. 😱 HP[-3]
You take 3 damage, and now have 7/52 hp.
Unknown command.
You're too confused to move!
The kobold brigand completely misses you.
The kobold brigand barely misses you. 😱 HP[+3]
You regained 3 hp, and now have 10/52 hp.
You're too confused to move!
You feel less invigorated.
You feel less confused. The kobold brigand barely misses you.
You block the kobold brigand's attack.
The kobold brigand barely misses you. 😨 HP[+4]
You regained 4 hp, and now have 14/52 hp.
You barely miss the kobold brigand. You hit the kobold brigand.
You completely miss the kobold brigand.
The kobold brigand hits you with a +0 club.
* * * LOW HITPOINT WARNING * * *
The kobold brigand closely misses you.
The kobold brigand hits you with a +0 dagger.
* * * LOW HITPOINT WARNING * * *
😱 HP[-6]
You take 6 damage, and now have 8/52 hp.
Unknown command.
You closely miss the kobold brigand. You slash the kobold brigand!
You hit the kobold brigand but do no damage.
The kobold brigand hits you with a +0 club.
* * * LOW HITPOINT WARNING * * *
The kobold brigand hits you with a +0 whip.
You die...

Skill      XL: |  1  2  3  4  5  6 |
---------------+-------------------+-----
Axes           | 3 4 5 7 |  7.2
Fighting       | |  3.2
Armour         | |  3.2
Shields        | |  4.0

Action                     |  1- 3 |  4- 6 |  7- 9 || total
---------------------------+-------+-------+-------++-------
  Melee: War axe           |    86 |   180 |    51 ||   317
Ability: Dig               |       |     1 |       ||     1
    Use: Scroll            |     3 |     7 |       ||    10
         Potion            |       |     2 |     3 ||     5
 Armour: Scale mail        |    58 |    70 |    24 ||   152
  Dodge: Dodged            |    58 |    61 |    44 ||   163
  Block: Buckler           |    22 |    72 |    26 ||   120

Levels and vault maps discovered:
D:1:      erik_arrival_cave_to_civilisation [erik_arrival_cave_to_hall],
          layout_basic, chequers_serial_rivers_room_a, minmay_split_cup_large
D:2:      cheibrodos_old_hovel, layout_loops_ring, basic_altar, uniq_natasha,
          uniq_jessica
D:3:      layout_loops_corners, minmay_misc_feat_four_crosses,
          grunt_ministairs_4
D:4:      layout_loops_corners, vehumet_altar_wand_db, portal_sewer_entry_b,
          minmay_quadrilaterals, uniq_pargi, uniq_edmund
Sewer:    kennysheep_pipe_town

Notes
Turn   | Place    | Note
-------+----------+-------------------------------------------
     0 | D:1      | ytrimaz the Formicid Fighter began the quest for the Orb.
     0 | D:1      | Reached XP level 1. HP: 18/18 MP: 1/1
     0 | D:1      | magus.rc [v1.9.6]
   239 | D:1      | Reached XP level 2. HP: 24/24 MP: 2/2
   334 | D:1      | Reached skill level 3 in Axes
   441 | D:1      | Reached XP level 3. HP: 25/29 MP: 3/3
   758 | D:2      | Reached skill level 4 in Axes
   758 | D:2      | Reached XP level 4. HP: 35/35 MP: 4/4
   818 | D:2      | Found a shimmering altar of Xom.
  1009 | D:2      | Noticed Jessica
  1011 | D:2      | Noticed Natasha
  1015 | D:2      | Killed Natasha
  1017 | D:2      | Killed Jessica
  1018 | D:2      | Reached skill level 5 in Axes
  1018 | D:2      | Reached XP level 5. HP: 40/41 MP: 5/5
  1330 | D:2      | Noticed Natasha
  1347 | D:2      | Killed Natasha
  1604 | D:3      | You add the spells Ozocubu's Armour and Ozocubu's
                  | Refrigeration to your library.
  1745 | D:3      | Reached XP level 6. HP: 44/47 MP: 6/6
  1767 | D:3      | You pick up a book of Spatial Translocations and begin
                  | reading...
  1767 | D:3      | You add the spells Momentum Strike and Lesser Beckoning to
                  | your library.
  1900 | D:3      | Reached skill level 6 in Axes
  1905 | D:3      | HP: 7/47 [orc/+0 trident (5)]
  2119 | D:3      | You pick up a book of Armaments and begin reading...
  2119 | D:3      | You add the spells Stone Arrow, Animate Armour and
                  | Lehudib's Crystal Spear to your library.
  2808 | D:4      | Reached skill level 7 in Axes
  2808 | D:4      | Reached XP level 7. HP: 22/52 MP: 7/7
  2986 | D:4      | Found a glowing drain.
  2996 | Sewer    | Entered a sewer
  3116 | Sewer    | Identified the +6 whip of Kieg {venom, rElec Str+6 Stlth-}
  3270 | Sewer    | HP: 11/52 [kobold brigand/+0 dagger (5)]
  3271 | Sewer    | HP: 5/52 [kobold brigand/+0 dagger (2)]
  3276 | Sewer    | HP: 13/52 [kobold brigand/+0 club (1)]
  3277 | Sewer    | HP: 6/52 [kobold brigand/+0 club (2)]
  3277 | Sewer    | Slain by a kobold brigand

Vanquished Creatures
  3 orc priests
  2 hounds (D:4)
  Jessica (D:2)
  Natasha (twice) (D:2)
  An orc wizard (D:4)
  4 adders
  2 river rats (D:4)
  3 dart slugs
  9 orcs (D:3)
  9 ball pythons
  11 bats
  8 endoplasms
  2 giant cockroaches
  8 goblins
  8 hobgoblins
  20 kobolds
  5 quokkas
  4 frilled lizards
  13 rats
115 creatures vanquished.

Vanquished Creatures (others)
  A fungus (Sewer)
  8 plants
9 creatures vanquished.

Grand Total: 124 creatures vanquished

Table legend:
 A = Non-vault XP
 B = Vault XP
 C = Vault XP percentage of total XP
 D = Non-vault monster count
 E = Vault monster count
 F = Vault count percentage of total count
                 A         B        C        D         E       F
            +---------+---------+-------+---------+---------+-------
      Total |     444 |     162 |  26.7 |      76 |      39 |  33.9
            +---------+---------+-------+---------+---------+-------
        D:1 |      38 |      12 |  24.0 |      21 |       7 |  25.0
        D:2 |     111 |      73 |  39.7 |      26 |       3 |  10.3
        D:3 |      85 |      15 |  15.0 |      21 |       2 |   8.7
        D:4 |     210 |      30 |  12.5 |       8 |       5 |  38.5
      Sewer |       0 |      32 | 100.0 |       0 |      22 | 100.0
            +---------+---------+-------+---------+---------+-------

Illustrated notes

Table legend:
 A = Kills in this place as a percentage of kills in the entire game.
 B = Kills by you in this place as a percentage of kills by you in the entire game.
 C = Kills by friends in this place as a percentage of kills by friends in the entire game.
 D = Other kills in this place as a percentage of other kills in the entire game.
 E = Experience gained in this place as a percentage of experience gained in the entire game.
 F = Experience gained in this place divided by the number of levels of this place that you have seen.
                   A       B       C       D       E      F
               +-------+-------+-------+-------+-------+----------------------
         Total | 100.0 | 100.0 |   N/A |   N/A | 100.0 | 121.2
       Dungeon |  80.9 |  80.9 |   N/A |   N/A |  94.7 | 143.5
         Sewer |  19.1 |  19.1 |   N/A |   N/A |   5.3 |  32.0
               +-------+-------+-------+-------+-------+----------------------

Table legend: (Time is in decaauts)
 A = Elapsed time spent in this place.
 B = Non-inter-level travel time spent in this place.
 C = Inter-level travel time spent in this place.
 D = Time resting spent in this place.
 E = Time spent auto-exploring this place.
 F = Levels seen in this place.
 G = Mean time per level.
                   A        B        C        D        E       F      G
               +--------+--------+--------+--------+--------+-----+--------+
         Total |   3382 |   3335 |     47 |      9 |   2485 |   5 |  676.4 |
       Dungeon |   3077 |   3030 |     47 |      9 |   2303 |   4 |  769.2 |
         Sewer |    305 |    305 |      0 |      0 |    182 |   1 |  305.0 |
               +--------+--------+--------+--------+--------+-----+--------+

Top non-repeatable levels by time:
     D:3: 1041 daAuts
     D:2: 875 daAuts
     D:1: 746 daAuts
     D:4: 414 daAuts
   Sewer: 305 daAuts
